 Dungeon Crawl Stone Soup version 0.29-a0-925-g0a7a3d12f8 (webtiles) character file.

Game seed: 10295273522700943434

2 bonfidx the Sneak (level 1, -1/9 HPs)
             Began as a Spriggan Enchanter on July 29, 2022.
             Slain by a quokka (3 damage)
             ... on level 1 of the Dungeon.
             The game lasted 00:00:35 (99 turns).

bonfidx the Sneak (Spriggan Enchanter)                Turns: 99, Time: 00:00:35

Health: -1/9       AC:  2    Str:  4    XL:     1   Next: 33%
Magic:  5/5        EV: 17    Int: 16    God:
Gold:   44         SH:  0    Dex: 15    Spells: 5/5 levels left

rFire   . . .      SeeInvis +   d - +2 dagger (venom)
rCold   . . .      Faith    .   (no shield)
rNeg    . . .      Spirit   .   b - +0 robe
rPois   .          Reflect  .   (helmet restricted)
rElec   .          Harm     .   (no cloak)
rCorr   .          Rampage  .   (gloves unavailable)
Will    .....                   (boots unavailable)
Stlth   +++.......              (no amulet)
HPRegen 0.03/turn               (no ring)
MPRegen 0.09/turn               (no ring)

@: very quick
A: very small, no large weapons, unfitting armour, see invisible, speed 3
a: no special abilities


You were on level 1 of the Dungeon.
You visited 1 branch of the dungeon, and saw 1 of its levels.

You collected 44 gold pieces.

Inventory:

Hand Weapons
 a - a +1 dagger
 d - a +2 dagger of venom (weapon)
Missiles
 e - 3 poisoned darts (quivered)
Armour
 b - a +0 robe (worn)
Potions
 c - 2 potions of invisibility


   Skills:
 - Level 1.1 Short Blades
 - Level 2.6 Dodging
 - Level 4.4 Stealth
 + Level 2.8 Spellcasting
 + Level 3.7 Hexes


You had 5 spell levels left.
You didn't know any spells.
Your spell library contained the following spells:

 Spells                   Type           Power      Damage    Failure   Level
 Confusing Touch          Hex            14%        N/A       12%         3
 Tukima's Dance           Hex            14%        N/A       12%         3
 Ensorcelled Hibernation  Hex/Ice        16%        N/A       13%         2
 Dazzling Flash           Conj/Hex       16%        N/A       26%         3
 Passwall                 Tmut/Erth      1%         N/A       28%         2
 Gell's Gravitas          Tloc           2%         N/A       50%         3
 Lesser Beckoning         Tloc           2%         N/A       50%         3
 Swiftness                Air            2%         N/A       50%         3
 Teleport Other           Tloc           2%         N/A       50%         3


Dungeon Overview and Level Annotations

Branches:
Dungeon (1/15)

Altars:


Innate Abilities, Weirdness & Mutations

You are very small and have problems with some larger weapons.
You are too small for most types of armour.
You have supernaturally acute eyesight. (SInv)
You cover ground extremely quickly. (Speed+++)


Message History

The goblin is heavily wounded.
The goblin closely misses you.
You hit the goblin but do no damage.
The goblin looks as sick as possible!
The goblin is severely wounded.
You kill the goblin!
No target in view!
No target in view!
You see here a +0 club.
Unknown command.
e - 3 poisoned darts You open the door.
Found a faded altar of an unknown god.
There is an open door here.
There is an open door here.
You see here a +0 club.
A bat comes into view.
You enter the shallow water.
Moving in this stuff is going to be slow.
A quokka comes into view.
A hobgoblin comes into view.
The hobgoblin shouts!
The bat hits you.
The quokka twitches its whiskers.
Your unstable footing causes you to fumble your attack.
The bat barely misses you. The bat barely misses you. The quokka misses you.
An endoplasm comes into view.
You barely miss the bat. The bat hits you but does no damage.
The quokka misses you.
Your unstable footing causes you to fumble your attack.
The bat barely misses you. The quokka bites you.
Your unstable footing causes you to fumble your attack.
The bat completely misses you. The quokka bites you.
* * * LOW HITPOINT WARNING * * *
The hobgoblin barely misses you.
You are too injured to fight recklessly!
You are too injured to fight recklessly!
Unknown command.
The quokka bites you.
You die...

######## ##......##
##........## #..........#
#..........# #.≈≈≈......#
#### ## ≈≈≈≈≈≈≈@r..##....
###≈≈≈≈≈≈≈≈≈bg..#..#
...≈≈≈≈≈≈≈≈≈≈≈...J#
...≈≈≈#####≈≈≈≈.#....
..≈≈≈≈#...#≈≈≈≈.# ###
..≈≈≈≈#._.#≈≈≈≈.########.
.≈≈≈≈#...#≈≈≈≈..........
..≈≈≈##'##≈≈≈...########
..≈≈≈≈..≈≈≈≈≈.#.# #


You could see an endoplasm, a quokka, a hobgoblin and a bat.

Vanquished Creatures
  A goblin (D:1)
  A ball python (D:1)
  A frilled lizard (D:1)
3 creatures vanquished.

Notes
Turn   | Place    | Note
-------+----------+-------------------------------------------
     0 | D:1      | bonfidx the Spriggan Enchanter began the quest for the Orb.
     0 | D:1      | Reached XP level 1. HP: 9/9 MP: 5/5
    75 | D:1      | Found a faded altar of an unknown god.
    99 | D:1      | Slain by a quokka

Illustrated notes

Levels and vault maps discovered:
D:1:      ldierk_water_garden, layout_rooms, nicolae_ecumenical_lake_church

Action                   || total
-------------------------++-------
Melee: Dagger            ||     9
 Stab: Sleeping          ||     1
Armor: Robe              ||     1
Dodge: Dodged            ||    10

Table legend: (Time is in decaauts)
 A = Elapsed time spent in this place.
 B = Non-inter-level travel time spent in this place.
 C = Inter-level travel time spent in this place.
 D = Time resting spent in this place.
 E = Time spent auto-exploring this place.
 F = Levels seen in this place.
 G = Mean time per level.
                   A        B        C        D        E       F      G
               +--------+--------+--------+--------+--------+-----+--------+
         Total |     67 |     67 |      0 |      0 |     32 |   1 |   67.0 |
       Dungeon |     67 |     67 |      0 |      0 |     32 |   1 |   67.0 |
               +--------+--------+--------+--------+--------+-----+--------+

Top non-repeatable levels by time:
     D:1: 67 daAuts
